AoeStats
← Beer

Arena

508877276Analyzed
4v4 RM · 9d ago on Sep 24, 2026· 40m 4s· 8 players
Game mode
Random Map
Map size
Large (8 player)
Population
200
Speed
Normal
Resources
Standard
Victory
Conquest
Starting age
Dark Age
Ending age
Imperial Age
RankedLock teamsTeams togetherTeam positionsShared explorationLock speedFull tech treeHidden civsTurbo modeCheats
Victory
Defeat
🇹🇼 Danes · Taiwan
1213
+13
1192
+14
🇦🇺 Persians · Australia
1118
+16
🇦🇺 Danes · Australia
1118
+17
🇷🇺 Vietnamese · Russia
1187
-17
🇨🇭 Cumans · Switzerland
1145
-15
🇹🇷 Poles · Türkiye
1123
-14
🇫🇮 Saxons · Finland
1122
-14
SaxPat
6:09 Loom
8:25 Feudal Age
10:12 Double-Bit Axe
12:33 Horse Collar
16:33 Wheelbarrow
18:28 Gold Mining
21:09 Castle Age
20:26 Bloodlines
20:25 Scale Barding Armor
20:31 Forging
21:16 Capped Ram
22:33 Chain Barding Armor
22:49 Iron Casting
27:12 Gold Shaft Mining
26:57 Fletching
29:36 Bow Saw
31:32 Bodkin Arrow
Jage
5:40 Loom
11:31 Feudal Age
15:22 Castle Age
13:13 Double-Bit Axe
13:37 Horse Collar
14:19 Town Watch
15:44 Fletching
18:49 Forging
21:19 Squires
21:05 Arson
23:07 Scale Mail Armor
23:48 Iron Casting
23:46 Heavy Plow
25:13 Bow Saw
24:59 Stone Mining
29:46 Gambesons
37:18 Chain Mail Armor
zeyrek
12:21 Feudal Age
12:56 Double-Bit Axe
15:55 Castle Age
14:08 Horse Collar
17:32 Loom
18:35 Gold Mining
18:59 Bow Saw
19:25 Wheelbarrow
21:46 Hand Cart
23:31 Stone Mining
24:42 Scale Mail Armor
25:31 Heavy Plow
29:57 Imperial Age
28:38 Scale Barding Armor
28:44 Forging
29:05 Bloodlines
28:56 Husbandry
29:08 Szlachta Privileges
31:24 Chain Barding Armor
30:56 Cavalier
35:44 Iron Casting
35:32 Conscription
38:10 Coinage
39:40 Banking
Gas
11:18 Feudal Age
13:10 Loom
15:36 Castle Age
14:19 Horse Collar
14:28 Double-Bit Axe
16:38 Wheelbarrow
15:50 Town Watch
17:05 Bow Saw
17:00 Heavy Plow
18:15 Hand Cart
25:20 Scale Barding Armor
25:26 Forging
29:49 Imperial Age
27:28 Husbandry
27:45 Town Patrol
29:05 Chain Barding Armor
28:36 Fletching
28:31 Treadmill Crane
29:12 Ballistics
30:31 Iron Casting
29:57 Scale Mail Armor
30:31 Bloodlines
29:42 Light Cavalry
30:27 Squires
30:12 Arson
29:49 Pikeman
31:27 Chatras
32:35 Plate Barding Armor
31:55 Bodkin Arrow
33:06 Chemistry
32:04 Murder Holes
32:20 Masonry
33:45 Elite Fire Lancer
33:46 Halberdier
36:29 Halberdier
36:32 Man-at-Arms
37:52 Gold Mining
37:53 Stone Mining
38:23 Chain Mail Armor
38:09 Bracer
38:12 Padded Archer Armor
40:08 Plate Mail Armor
40:48 Two-Man Saw
valkyrierandgrith
10:38 Feudal Age
14:14 Castle Age
12:12 Double-Bit Axe
12:26 Horse Collar
13:35 Forging
17:11 Bow Saw
17:42 Gold Mining
20:33 Gold Shaft Mining
20:22 Scale Mail Armor
20:58 Iron Casting
21:38 Wheelbarrow
22:26 Chain Mail Armor
24:42 Arson
24:57 Squires
24:45 Gambesons
27:33 Hamask
37:49 Town Watch
38:22 Hand Cart
39:06 Loom
42:41 Imperial Age
Wiring Tool
11:56 Feudal Age
13:02 Double-Bit Axe
16:37 Castle Age
17:42 Bow Saw
17:15 Horse Collar
22:09 Heavy Plow
23:23 Wheelbarrow
23:55 Stone Mining
26:58 Stone Shaft Mining
26:13 Gold Mining
28:24 Hand Cart
27:55 Loom
27:56 Town Watch
28:56 Forging
28:46 Scale Mail Armor
30:40 Iron Casting
32:43 Imperial Age
31:19 Iron Casting
31:00 Chain Mail Armor
31:27 Gold Shaft Mining
33:53 Ballistics
33:00 Elite Jomsviking
34:01 Conscription
33:37 Arson
33:53 Squires
34:57 Blast Furnace
34:28 Plate Mail Armor
37:25 Chemistry
36:37 Masonry
36:27 Northmen's Fury
39:53 Scale Barding Armor
Beer
11:04 Feudal Age
11:51 Double-Bit Axe
14:45 Castle Age
12:38 Horse Collar
16:41 Bow Saw
19:01 Fletching
19:23 Loom
25:10 Gold Mining
25:15 Stone Mining
27:38 Wheelbarrow
27:44 Gold Shaft Mining
27:46 Stone Shaft Mining
28:04 Scale Barding Armor
28:10 Forging
32:15 Imperial Age
30:48 Iron Casting
31:04 Chain Barding Armor
33:31 Hand Cart
33:01 Town Watch
33:21 Husbandry
33:36 Bloodlines
33:55 Conscription
34:26 Plate Barding Armor
34:51 Blast Furnace
33:42 Cavalier
36:14 Savar
So many color in your home
10:22 Feudal Age
14:42 Castle Age
13:42 Double-Bit Axe
13:56 Stone Mining
15:10 Gold Mining
15:45 Loom
18:58 Horse Collar
23:31 Wheelbarrow
23:38 Bloodlines
25:11 Scale Barding Armor
27:46 Forging
29:35 Iron Casting
30:07 Husbandry
30:47 Chain Barding Armor
36:41 Imperial Age
35:30 Vendel Legacy
37:49 Elite Jarl
40:01 Conscription
40:33 Heavy Plow
Connection lost

Rejoining the realm…

Still unreachable

The connection could not be restored.

Session expired

The server has moved on; the page needs a fresh start.